 Dungeon Crawl Stone Soup version 0.27.0-1-g7a089689b8 (webtiles) character file.

Game seed: 291530925038301742

323 Gwenloh the Chiller (level 6, 0/38 (46) HPs)
             Began as a Merfolk Ice Elementalist on Aug 9, 2021.
             Slain by a wight (9 damage)
             ... on level 7 of the Dungeon.
             The game lasted 00:16:43 (3791 turns).

Gwenloh the Chiller (Merfolk Ice Elementalist)      Turns: 3791, Time: 00:16:43

HP:   0/38 (46)     AC: 10    Str:  8    XL:     6   Next: 47%
MP:   6/10          EV: 13    Int: 17    God:
Gold: 108           SH:  0    Dex: 14    Spells: 4/11 levels left

rFire    + . .     SeeInvis .   f - +0 spear
rCold    . . .     Faith    .   (no shield)
rNeg     . . .     Spirit   .   c - +0 troll leather armour {Purgy}
rPois    .         Reflect  .   (no helmet)
rElec    .         Harm     .   (no cloak)
rCorr    .         Rampage  .   m - +0 pair of gloves
Will     .....                  q - +0 pair of boots
Stlth    ++........             (no amulet)
HPRegen  1.12/turn              h - ring of protection from fire
MPRegen  0.12/turn              (no ring)

@: ice-armoured, heavily drained
A: (nimble swimmer 2), mertail
a: no special abilities


You were on level 7 of the Dungeon.
You visited 1 branch of the dungeon, and saw 5 of its levels.

You collected 108 gold pieces.

Inventory:

Hand Weapons
 f - a +0 spear (weapon)
Missiles
 b - 22 poisoned darts (quivered)
 j - 7 javelins
 o - a throwing net
Armour
 c - a +0 troll leather armour (worn) {Purgy}
 m - a +0 pair of gloves (worn)
 q - a +0 pair of boots (worn)
Jewellery
 e - an amulet of faith
 h - a ring of protection from fire (left hand)
 i - a ring of fire
Scrolls
 d - a scroll of fog {unknown}
 k - 2 scrolls of identify {unknown}
 l - 2 scrolls of teleportation {unknown}
 p - a scroll of blinking {unknown}
 s - a scroll of magic mapping {unknown}
Potions
 a - a potion of heal wounds {unknown}
 g - a potion of degeneration {unknown}
 n - 2 potions of cancellation {unknown}
 r - a potion of haste


   Skills:
 + Level 2.8 Fighting
 + Level 4.6 Dodging
 - Level 2.1 Stealth
 + Level 3.2 Spellcasting
 * Level 6.2 Ice Magic


You had 4 spell levels left.
You knew the following spells:

 Your Spells              Type           Power      Damage    Failure   Level
a - Freeze                Ice            92%        1d10      1%          1
b - Frozen Ramparts       Ice            46%        1d6       6%          3
c - Ozocubu's Armour      Ice            23%        N/A       6%          3

Your spell library contained the following spells:

 Spells                   Type           Power      Damage    Failure   Level
 Hailstorm                Conj/Ice       13%        3d5       56%         4


Dungeon Overview and Level Annotations

Branches:
Dungeon (7/15)
 Temple: D:4-7

Altars:

Shops:
D:1 *


Innate Abilities, Weirdness & Mutations

((You are quick and stealthy near water. (Stealth+, EV+, Speed+++)))
Your lower body shifts to a powerful aquatic tail in water.


Message History

You closely miss the wight.
The wight is almost destroyed.
The wight completely misses you.
You hit the wight but do no damage.
The wight is almost destroyed.
The wight hits you with a +4 long sword.
* * * LOW HITPOINT WARNING * * *
You hit the wight but do no damage.
The wight is almost destroyed.
The wight hits you but does no damage.
You hit the wight but do no damage.
The wight is almost destroyed.
The wight hits you with a +4 long sword.
* * * LOW HITPOINT WARNING * * *
You hit the wight but do no damage.
The wight is almost destroyed.
The wight completely misses you.
You hit the wight but do no damage.
The wight is almost destroyed.
The wight misses you. The wight closely misses you.
You hit the wight but do no damage.
The wight is almost destroyed.
The wight hits you with a +4 long sword.
You feel drained.
You hit the wight but do no damage.
The wight is almost destroyed.
The wight hits you but does no damage.
You barely miss the wight.
The wight is severely damaged.
The wight hits you with a +4 long sword.
* * * LOW HITPOINT WARNING * * *
You hit the wight but do no damage.
The wight is severely damaged.
The wight hits you with a +4 long sword.
* * * LOW HITPOINT WARNING * * *
You feel drained.
You completely miss the wight.
The wight is severely damaged.
The wight hits you with a +4 long sword!
You die...

#...........##.
####........# ##.......#
##......### #≈........#
##≈........##
#≈≈≈........###
##≈≈#z.........##.
#≈≈###@..##.##....
######≈≈####...........
#....#≈##..##...#.#.###
#≈#.##≈#[.....###.#.####.
#≈#.#≈≈#...#.........<...
##≈###≈≈##########z..##...
#≈≈# #≈≈#### ###..... #≈≈#
##≈≈#≈# #.##..
#≈≈####≈≈#≈# ...


You could see a wight.

Vanquished Creatures
  Purgy (D:3)
  A centaur zombie (D:7)
  A gnoll shaman (D:7)
  9 gnolls
  An adder (D:3)
  2 worms (D:2)
  2 dart slugs
  7 orcs (D:3)
  5 ball pythons
  2 endoplasms
  2 giant cockroaches
  3 hobgoblins
  2 jackals (D:1)
  4 quokkas (D:2)
  5 bats
  3 frilled lizards
  5 goblins
  5 kobolds
  8 rats
68 creatures vanquished.

Notes
Turn   | Place    | Note
-------+----------+-------------------------------------------
     0 | D:1      | Gwenloh the Merfolk Ice Elementalist began the quest for
                  | the Orb.
     0 | D:1      | Reached XP level 1. HP: 13/13 MP: 3/3
    78 | D:1      | Found Pegip's General Store.
   252 | D:1      | Reached XP level 2. HP: 20/20 MP: 3/5
   614 | D:1      | Reached skill level 1 in Fighting
   839 | D:1      | Reached XP level 3. HP: 26/26 MP: 6/6
   845 | D:1      | Learned a level 3 spell: Frozen Ramparts
   947 | D:1      | Found a faded altar of an unknown god.
  1795 | D:2      | Reached skill level 5 in Ice Magic
  2050 | D:3      | HP: 1/26 [orc (2)]
  2056 | D:3      | Reached XP level 4. HP: 13/32 MP: 1/7
  2339 | D:3      | Noticed Purgy
  2346 | D:3      | Killed Purgy
  2347 | D:3      | Reached XP level 5. HP: 28/38 MP: 0/9
  3426 | D:3      | You fall into a shaft and drop 3 floors!
  3427 | D:6      | Noticed a human
  3427 | D:6      | Noticed a human
  3427 | D:6      | Noticed a human
  3427 | D:6      | Noticed a human
  3427 | D:6      | Noticed a black bear
  3446 | D:7      | Learned a level 3 spell: Ozocubu's Armour
  3470 | D:7      | Reached skill level 6 in Ice Magic
  3470 | D:7      | Reached XP level 6. HP: 46/46 MP: 0/10
  3791 | D:7      | Slain by a wight

Illustrated notes

Levels and vault maps discovered:
D:1:      mrwooster_arrival_statue_2, layout_loops_ring,
          dilly_ecumenical_altar_fadedgnrine, serial_shops,
          nicolae_shop_statue_plus
D:2:      layout_basic
D:3:      layout_basic, uniq_purgy
D:6:      lemuel_ratsnest, layout_loops_corners, nicolae_ossuary_entry_ruins,
          minmay_ruffians
D:7:      layout_rooms, chequers_serial_rivers_large_b

Skill      XL: |  1  2  3  4  5 |
---------------+----------------+-----
Dodging        | 3 4 |  4.6
Fighting       | 1 2 |  2.8
Ice Magic      | 5 6 |  6.2
Spellcasting   | 3 |  3.2
Stealth        | |  2.1

Action                   |  1- 3 |  4- 6 || total
-------------------------+-------+-------++-------
Melee: Spear             |    52 |    89 ||   141
Throw: Dart              |    22 |    16 ||    38
 Cast: Freeze            |    39 |    13 ||    52
       Frozen Ramparts   |     1 |    14 ||    15
       Ozocubu's Armour  |       |     3 ||     3
  Use: Potion            |     2 |       ||     2
 Stab: Sleeping          |     2 |     3 ||     5
Armor: Robe              |     6 |     1 ||     7
       Skin              |     2 |       ||     2
       Troll leather arm |       |    35 ||    35
Dodge: Dodged            |    34 |    78 ||   112
